 Dungeon Crawl Stone Soup version 0.25-a0-975-gcae8493d64 (webtiles) character file.

Game seed: 14928191115443662095, levelgen mode: deterministic

106923 Flugslaktarn the Severer (level 15, -6/139 HPs)
             Began as a Minotaur Fighter on May 9, 2020.
             Was the Champion of Qazlal.
             Mangled by a shambling mangrove (11 damage)
             ... on level 2 of the Swamp.
             The game lasted 00:15:29 (29526 turns).

Flugslaktarn the Severer (Minotaur Fighter)        Turns: 29526, Time: 00:15:30

Health: -6/139     AC: 28    Str: 29    XL:     15   Next: 98%
Magic:  22/22      EV: 14    Int:  9    God:    Qazlal [******]
Gold:   942        SH:  8    Dex: 11    Spells: 14/14 levels left

rFire    . . .     SeeInvis +   g - +9 battleaxe
rCold    + . .     Gourm    .   (shield currently unavailable)
rNeg     . . .     Faith    .   o - +0 plate armour of the Leaf {+Inv Str+6 Int+4 Dex-3 SInv} (curse)
rPois    .         Spirit   .   (helmet restricted)
rElec    .         Reflect  .   G - +2 cloak
rCorr    .         Harm     .   (no gloves)
MR       +....                  K - +2 pair of boots
Stlth    ..........             (no amulet)
HPRegen  0.33/turn              c - ring of protection from cold
MPRegen  0.18/turn              i - ring of see invisible

@: protected from physical damage, repel missiles
A: retaliatory headbutt, horns 2
a: Upheaval, Elemental Force, Disaster Area, Renounce Religion, Evoke
Invisibility


You were on level 2 of the Swamp.
You worshipped Qazlal.
Qazlal was exalted by your worship.
You were not hungry.

You visited 4 branches of the dungeon, and saw 25 of its levels.
You also visited: Ice Cave.

You collected 2469 gold pieces.
You spent 1527 gold pieces at shops.

Inventory:

Hand Weapons
 g - a +9 battleaxe (weapon)
   (You took it off a wight on level 9 of the Dungeon)
 A - a +1 vampiric hand axe
   (You took it off an orc priest on level 5 of the Dungeon)
 B - a +3 war axe
   (You took it off a wight on level 8 of the Dungeon)
Armour
 o - the cursed +0 plate armour of the Leaf (worn) {+Inv Str+6 Int+4 Dex-3 SInv}
   (You bought it in a shop on level 6 of the Dungeon)

   It affects your strength (+6).
   It affects your intelligence (+4).
   It affects your dexterity (-3).
   It lets you see invisible.
   It lets you turn invisible.
   It has a curse placed upon it.
 G - a +2 cloak (worn)
   (You found it on level 3 of the Lair of Beasts)
 K - a +2 pair of boots (worn)
   (You found it on level 12 of the Dungeon)
Jewellery
 a - an uncursed ring of protection from cold
   (You took it off a meliai on level 10 of the Dungeon)
 c - a ring of protection from cold (left hand)
   (You found it on level 4 of the Dungeon)
 i - a ring of see invisible (right hand)
   (You found it on level 2 of the Lair of Beasts)
 k - an uncursed ring of resist corrosion
   (You found it on level 4 of the Lair of Beasts)
 L - an uncursed ring of flight
   (You took it off a centaur on level 13 of the Dungeon)
Wands
 b - a wand of enslavement (10)
   (You found it on level 1 of the Swamp)
 j - a wand of clouds (11)
   (You found it on level 12 of the Dungeon)
 v - a wand of digging (4)
   (You took it off Maggie on level 9 of the Dungeon)
 y - a wand of paralysis (7)
   (You found it on level 12 of the Dungeon)
 E - a wand of iceblast (36)
   (You found it in an ice cave)
 F - a wand of acid (8)
   (You took it off a necromancer in an ice cave)
Scrolls
 l - 2 scrolls of fear
 m - 4 scrolls of magic mapping
 p - a scroll of enchant armour
 r - 8 scrolls of identify
 t - 16 scrolls of teleportation
 x - 13 scrolls of remove curse
 z - a scroll of enchant weapon
 C - 6 scrolls of immolation
 H - a scroll of summoning
 I - 2 scrolls of holy word
 N - 4 scrolls of fog
Potions
 d - 3 potions of might
 f - 4 potions of magic
 h - 5 potions of haste
 n - 4 potions of resistance
 q - 5 potions of curing
 s - 3 potions of invisibility
 u - 3 potions of mutation
 w - a potion of heal wounds
 D - 7 potions of ambrosia
 J - 2 potions of berserk rage
Comestibles
 e - 24 rations


   Skills:
 + Level 14.4 Fighting
 * Level 19.0 Axes
 + Level 17.7 Armour
 + Level 12.7 Dodging
   Level 4.0 Shields
 + Level 11.4 Invocations


You had 14 spell levels left.
You didn't know any spells.
Your spell library was empty.

Dungeon Overview and Level Annotations

Branches:
Dungeon (15/15)            Temple (0/1) D:6            Lair (6/6) D:8
  Swamp (2/4) Lair:2        Snake (0/4) Lair:4        Slime (0/5) Lair:6
    Orc (2/2) D:9             Elf (0/3) Orc:2        Vaults (0/5) D:14
 Depths (0/5) D:15          IceCv (visited)

Altars:
Ashenzari
Cheibriados
Dithmenos
Elyvilon
Fedhas
Nemelex Xobeh
Okawaru
Qazlal
Ru
Vehumet
Xom
Yredelemnul
Zin
The Shining One
Beogh

Shops:
D:5 *(   D:6 [   D:12 !   D:14 !   Orc:2 (*(%

Portals:
Trove: D:15 (give 5 scrolls of blinking)

Annotations:
D:3 1 runed translucent door, exclusion: oklob plant, DavidChitty2's ghost, amateur MiFi
D:10 3 runed translucent doors, Goegay's ghost, novice MfSk; Jir Puiv's ghost, journeyman DEVM; Plog's ghost, journeyman OpAs
Lair:3 exclusion: oklob plant
Lair:4 exclusion: oklob plant
Swamp:1 1 runed translucent door


Innate Abilities, Weirdness & Mutations

You reflexively headbutt those who attack you in melee.
You have a pair of horns on your head.


Message History

You block the 15-headed hydra's attack. x2; The shambling mangrove hits you!
* * * LOW HITPOINT WARNING * * *
Unknown command.
Unknown command.
You feel much better. The 15-headed hydra bites you!
* * * LOW HITPOINT WARNING * * *
The 15-headed hydra bites you but does no damage. x2
The 15-headed hydra barely misses you. You block the 15-headed hydra's attack.
The 15-headed hydra bites you but does no damage.
The 15-headed hydra barely misses you. The 15-headed hydra bites you!
* * * LOW HITPOINT WARNING * * *
The 15-headed hydra closely misses you.
The 15-headed hydra bites you but does no damage.
The 15-headed hydra completely misses you.
The 15-headed hydra barely misses you.
The 15-headed hydra bites you but does no damage.
The 15-headed hydra misses you.
The 15-headed hydra bites you but does no damage.
The shambling mangrove hits you!
You die...

≈♣.... ♣♣♣♣♣≈≈♣..≈
♣♣≈≈.≈....≈≈
♣♣≈≈..♣.≈≈≈≈≈
♣.≈≈≈..≈≈≈≈≈§
♣.≈≈☼°☼.≈..(.
♣.≈○°≈....... ≈≈<
♣.≈○D@.♣
..≈..♣♣.≈○f≈♣ ♣
≈≈≈≈≈.♣♣≈.°○♣♣ .♣
.≈≈≈§≈..§†.≈§♣♣...
.(...≈≈♣...≈♣≈....
≈≈≈.≈≈...≈≈.≈≈≈....
.≈≈≈≈≈≈..≈..≈######
...≈≈≈≈≈....##
≈§.≈≈≈≈≈.♣♣≈.≈...


You could see a shambling mangrove and a 15-headed hydra.

Vanquished Creatures
  Kirke (D:12)
  Louise (D:14)
  Azrael (D:15)
  2 ice dragons
  A great orb of eyes (D:13)
  A vault guard (D:14)
  8 hydras
  4 catoblepae (Lair:6)
  5 two-headed ogres
  6 alligators
  6 death yaks (Lair:6)
  Urug (D:10)
  3 unseen horrors
  A wizard (D:15)
  3 orc knights (Orc:2)
  3 deep elf magi
  3 necromancers
  9 ugly things
  A wolf spider zombie (D:15)
  3 orc sorcerers
  A cyclops (D:12)
  6 manticores
  A centaur zombie (D:15)
  12 elephants
  2 ice statues
  4 black mambas
  Psyche (D:9)
  Joseph (D:10)
  13 spiny frogs
  A naga mage (D:15)
  10 centaur skeletons
  Maggie (D:9)
  11 freezing wraiths
  2 kobold demonologists (D:12)
  6 komodo dragons
  3 rime drakes
  A meliai (D:10)
  7 trolls
  3 hornets
  15 slime creatures
  14 blink frogs
  9 hippogriffs
  2 bog bodies
  13 dream sheep
  2 spriggans
  A wraith (D:14)
  2 wyverns
  3 shadows
  A fire elemental (D:15)
  3 basilisks
  75 yaks
  Grum (D:10)
  A steam dragon (D:9)
  10 vampire mosquitoes (Swamp:1)
  3 hogs (D:12)
  5 hungry ghosts
  5 swamp worms
  3 wargs
  9 insubstantial wisps (Swamp:1)
  11 water moccasins
  A naga (Lair:4)
  3 porcupines
  5 swamp drakes
  2 hornet zombies
  2 elephant zombies (Lair:3)
  5 hell hounds (D:15)
  An eye of draining (D:13)
  31 orc warriors
  18 ice beasts
  An alligator simulacrum (IceCv)
  4 sky beasts
  8 ogres
  A phantom (D:8)
  28 centaurs
  15 wolves
  A necrophage (D:9)
  12 crocodiles
  2 big kobolds (D:12)
  12 bullfrogs
  3 wyvern zombies
  A wyvern skeleton (D:10)
  A water moccasin zombie (D:8)
  6 scorpions
  14 killer bees
  20 wights
  3 electric eels
  7 howler monkeys
  6 crimson imps
  2 bullfrog zombies
  4 draconian simulacra (IceCv)
  A quasit (D:10)
  8 hounds
  4 jellies
  A basilisk zombie (Lair:3)
  13 orc priests
  19 orc wizards
  2 bullfrog skeletons
  4 hell rats (Lair:6)
  7 iguanas
  12 worker ants
  8 troll simulacra (IceCv)
  A spriggan simulacrum (IceCv)
  A wolf simulacrum (IceCv)
  2 polar bear simulacra (IceCv)
  2 crocodile zombies (Lair:3)
  A centaur simulacrum (IceCv)
  A hound skeleton (D:10)
  A howler monkey zombie (D:11)
  19 adders
  5 naga simulacra (IceCv)
  An ogre simulacrum (IceCv)
  7 shadow imps
  12 white imps (IceCv)
  An ooze (D:4)
  2 adder skeletons
  5 worms
  2 dart slugs (D:5)
  7 leopard geckos
  72 orcs
  5 bats
  4 giant cockroaches
  10 goblins
  10 hobgoblins
  8 jackals
  5 kobolds
  2 quokkas
  A ball python (D:8)
  2 frilled lizards
  A jackal skeleton (D:5)
  A leopard gecko skeleton (D:5)
  A quokka skeleton (D:4)
  4 rats (D:2)
  5 fungi
  3 plants
839 creatures vanquished.

Vanquished Creatures (others)
  8 fungi
  10 plants
  2 withered plants (D:10)
20 creatures vanquished.

Grand Total: 859 creatures vanquished

Notes
Turn   | Place    | Note
-------+----------+-------------------------------------------
     0 | D:1      | Flugslaktarn the Minotaur Fighter began the quest for the
                  | Orb.
     0 | D:1      | Reached XP level 1. HP: 19/19 MP: 0/0
   203 | D:1      | Reached XP level 2. HP: 27/27 MP: 1/1
   223 | D:2      | Reached skill level 3 in Axes
   302 | D:3      | Reached XP level 3. HP: 27/33 MP: 2/2
   503 | D:3      | Reached XP level 4. HP: 35/40 MP: 3/3
   509 | D:3      | Reached skill level 4 in Axes
   509 | D:3      | Reached skill level 1 in Dodging
   582 | D:3      | Reached XP level 5. HP: 42/47 MP: 4/4
   902 | D:2      | Found a shadowy altar of Dithmenos.
  1426 | D:3      | Found a blossoming altar of Fedhas.
  1481 | D:3      | Noticed an oklob plant
  1584 | D:3      | Found a runed translucent door.
  1589 | D:3      | Noticed DavidChitty2's ghost (amateur MiFi)
  2033 | D:4      | Reached skill level 5 in Axes
  2116 | D:4      | Reached XP level 6. HP: 55/55 MP: 5/5
  2187 | D:4      | Reached skill level 5 in Fighting
  2187 | D:4      | Reached skill level 5 in Armour
  2471 | D:5      | Entered Level 5 of the Dungeon
  2565 | D:5      | Noticed an ice beast
  2575 | D:5      | Killed an ice beast
  2699 | D:5      | Reached skill level 6 in Axes
  2699 | D:5      | Reached XP level 7. HP: 58/61 MP: 6/6
  3087 | D:5      | Found an iron altar of Okawaru.
  3088 | D:5      | Found a glowing golden altar of the Shining One.
  3090 | D:5      | Found a shattered altar of Ashenzari.
  3093 | D:5      | Found a stormy altar of Qazlal.
  3093 | D:5      | Found a blossoming altar of Fedhas.
  3093 | D:5      | Found a sparkling altar of Nemelex Xobeh.
  3094 | D:5      | Found a white marble altar of Elyvilon.
  3101 | D:5      | Reached skill level 7 in Axes
  3108 | D:5      | Found Soes's Assorted Antiques.
  3112 | D:5      | Became a worshipper of Qazlal Stormbringer
  3125 | D:5      | Bought 3 scrolls labeled ENOXZINEIM for 72 gold pieces
  3125 | D:5      | Bought a scroll labeled DINLUD REFEIRAXA for 24 gold pieces
  3125 | D:5      | Bought a scroll labeled PUBEATHIWNE for 24 gold pieces
  3125 | D:5      | Bought a fuming ruby potion for 21 gold pieces
  3268 | D:5      | Found Vifuojuf's Weapon Shop.
  3699 | D:6      | Found Zofeahitys's Antique Armour Boutique.
  3712 | D:6      | Reached XP level 8. HP: 61/70 MP: 7/7
  3777 | D:6      | Reached skill level 1 in Invocations
  3930 | D:6      | Reached skill level 8 in Axes
  4322 | D:6      | Found a staircase to the Ecumenical Temple.
  4563 | D:7      | Reached * piety under Qazlal
  4919 | D:7      | Reached skill level 9 in Axes
  4919 | D:7      | Reached skill level 5 in Dodging
  4919 | D:7      | Reached XP level 9. HP: 78/79 MP: 8/10
  5259 | D:8      | Found a staircase to the Lair.
  5671 | D:8      | Found a glowing silver altar of Zin.
  5747 | D:8      | Noticed a purple ugly thing
  5763 | D:8      | Killed a purple ugly thing
  5763 | D:8      | Reached skill level 10 in Axes
  5998 | D:9      | Found a radiant altar of Vehumet.
  6132 | D:9      | Reached ** piety under Qazlal
  6193 | D:9      | Reached XP level 10. HP: 69/88 MP: 12/12
  6307 | D:9      | Noticed Maggie
  6320 | D:9      | Killed Maggie
  6527 | D:9      | Found a snail-covered altar of Cheibriados.
  6555 | D:9      | Noticed a two-headed ogre
  6970 | D:9      | Killed a two-headed ogre
  6970 | D:9      | Reached skill level 11 in Axes
  7281 | D:9      | Found a staircase to the Orcish Mines.
  7415 | D:9      | Identified a scroll of acquirement
  7457 | D:9      | Noticed Psyche
  7464 | D:9      | Killed Psyche
  7464 | D:9      | Reached skill level 5 in Invocations
  7515 | D:9      | Found a basalt altar of Yredelemnul.
  7838 | D:10     | Entered Level 10 of the Dungeon
  7865 | D:10     | Reached *** piety under Qazlal
  7992 | D:10     | Noticed Urug
  7993 | D:10     | Reached skill level 12 in Axes
  8003 | D:10     | Noticed a two-headed ogre
  8218 | D:10     | Killed a two-headed ogre
  8218 | D:10     | Reached skill level 10 in Armour
  8218 | D:10     | Reached XP level 11. HP: 72/97 MP: 14/14
  8231 | D:10     | Killed Urug
  8408 | D:9      | Found a sacrificial altar of Ru.
  8408 | D:9      | Found a shimmering altar of Xom.
  8599 | D:10     | Noticed Joseph
  8605 | D:10     | Killed Joseph
  8705 | D:10     | Noticed Grum
  8877 | D:10     | Killed Grum
  8878 | D:10     | Killed an unseen horror
  9037 | D:10     | Reached skill level 10 in Fighting
  9235 | D:10     | Killed an unseen horror
  9235 | D:10     | Reached skill level 13 in Axes
  9351 | D:10     | Found a runed translucent gate.
  9351 | D:10     | Found a runed translucent gate.
  9351 | D:10     | Found a runed translucent gate.
  9351 | D:10     | Noticed Jir Puiv's ghost (journeyman DEVM)
  9352 | D:10     | Noticed Plog's ghost (journeyman OpAs)
  9352 | D:10     | Noticed Goegay's ghost (novice MfSk)
  9398 | D:10     | Reached **** piety under Qazlal
  9840 | D:11     | Noticed a cyan ugly thing
  9847 | D:11     | Killed a cyan ugly thing
 10003 | D:11     | Noticed a brown ugly thing
 10010 | D:11     | Killed a brown ugly thing
 11013 | D:12     | Noticed a red ugly thing
 11018 | D:12     | Killed a red ugly thing
 11045 | D:11     | Reached XP level 12. HP: 39/107 MP: 16/16
 11367 | D:12     | Reached ***** piety under Qazlal
 11367 | D:12     | Reached skill level 14 in Axes
 11649 | D:12     | Noticed an ice dragon
 11669 | D:12     | Killed an ice dragon
 11983 | D:12     | Noticed Kirke
 12346 | D:12     | Killed Kirke
 12529 | D:12     | Found Hijak's Distillery.
 12985 | D:6      | Bought a distressingly furry plate armour for 672 gold
                  | pieces
 12995 | D:6      | Identified the cursed +0 plate armour of the Leaf {+Inv
                  | Str+6 Int+4 Dex-3 SInv} (You bought it in a shop on level 6
                  | of the Dungeon)
 13044 | Lair:1   | Entered Level 1 of the Lair of Beasts
 13052 | Lair:1   | Reached skill level 15 in Axes
 13095 | Lair:1   | Reached XP level 13. HP: 112/116 MP: 18/18
 14101 | Lair:2   | Reached skill level 10 in Dodging
 14806 | Lair:2   | Found a staircase to the Swamp.
 15123 | Lair:3   | Reached ****** piety under Qazlal
 15128 | Lair:3   | Reached skill level 16 in Axes
 15573 | Lair:3   | Found a frozen archway.
 15587 | IceCv    | Entered an ice cave
 15873 | IceCv    | Found an ancient bone altar of Kikubaaqudgha.
 15965 | IceCv    | Reached skill level 15 in Armour
 17100 | Lair:4   | Found a staircase to the Snake Pit.
 17129 | Lair:4   | Reached XP level 14. HP: 127/127 MP: 20/20
 19781 | Lair:6   | Entered Level 6 of the Lair of Beasts
 19791 | Lair:6   | Reached skill level 17 in Axes
 19803 | Lair:6   | Reached skill level 10 in Invocations
 21005 | Lair:6   | Found a staircase to the Slime Pits.
 21412 | Lair:6   | Reached XP level 15. HP: 51/136 MP: 21/21
 22303 | Orc:1    | Entered Level 1 of the Orcish Mines
 22360 | Orc:2    | Entered Level 2 of the Orcish Mines
 23277 | Orc:2    | Reached skill level 18 in Axes
 23391 | Orc:2    | Found Saimiat's General Store.
 23391 | Orc:2    | Found Sehagu's Weapon Shop.
 23393 | Orc:2    | Found Xocav's Food Boutique.
 23591 | Orc:2    | Found Omylehun's Weapon Shoppe.
 23722 | Orc:2    | Found a staircase to the Elven Halls.
 24050 | Orc:2    | Found a roughly hewn altar of Beogh.
 25914 | D:14     | Found Pathryl's Distillery.
 25924 | D:14     | Bought a potion of mutation for 136 gold pieces
 25924 | D:14     | Bought 2 potions of ambrosia for 272 gold pieces
 25933 | D:14     | Noticed Louise
 25940 | D:14     | Paralysed by a great orb of eyes for 5 turns
 26215 | D:14     | Bought a potion of heal wounds for 85 gold pieces
 26215 | D:14     | Bought a potion of heal wounds for 85 gold pieces
 26215 | D:14     | Bought a potion of invisibility for 136 gold pieces
 26227 | D:14     | Killed Louise
 26516 | D:14     | Found a gate to the Vaults.
 26764 | D:15     | Entered Level 15 of the Dungeon
 26764 | D:15     | Noticed Azrael
 26780 | D:15     | Killed Azrael
 27043 | D:15     | Found a portal to a secret trove of treasure.
 27451 | D:15     | Got a steaming war axe
 27452 | D:15     | Identified the +4 war axe of the Grave {protect, +Inv rC+
                  | MP+9} (You found it on level 15 of the Dungeon)
 27475 | D:15     | Found a staircase to the Depths.
 28769 | Swamp:1  | Entered Level 1 of the Swamp
 28894 | Swamp:1  | Found a runed translucent door.
 29364 | Swamp:1  | Reached skill level 19 in Axes
 29525 | Swamp:2  | HP: 4/139 [shambling mangrove (11)]
 29526 | Swamp:2  | Mangled by a shambling mangrove

Illustrated notes

Levels and vault maps discovered:
D:1:      wander_arrival_fairy_ring, layout_loops_ring
D:2:      layout_rooms, lemuel_coloured_pillars_altar
D:3:      layout_loops_ring, ebering_ghost_sewer_d, tgw_fedhas
D:4:      layout_basic
D:5:      layout_basic, grunt_temple_overflow_open, first_ration, serial_shops,
          nicolae_shop_temple_entry_statues_fountains, shop
D:6:      layout_cave_pools, minmay_temple_entry_ruins, serial_shops, shop
D:7:      minmay_skewed_foursquare, layout_basic, the_bakery,
          minmay_misc_feat_hallway
D:8:      layout_basic, lair_entry_dummy, basic_altar
D:9:      layout_roguey, nicolae_overflow_hidden_temple, lemuel_round_altar,
          erik_orc_3, uniq_maggie, uniq_psyche
D:10:     layout_loops_cross, gammafunk_ghost_cemetery, minivault_28, uniq_grum,
          uniq_joseph, uniq_urug
D:11:     layout_layer_cave, minmay_misc_feat_tower
D:12:     layout_long_grid, serial_shops,
          nicolae_shop_competitors_out_of_business, ice2_lemuel, uniq_kirke
D:13:     layout_irregular_city
D:14:     layout_cave_pools, david_vaults_4, serial_shops, nicolae_shop_stone,
          uniq_louise
D:15:     grunt_enter_depths_magical_seal, layout_layer_cave,
          serial_bayou_pond_a, nicolae_trove_entry_free_sample, uniq_azrael
Lair:1:   layout_small_grid, enter_volcano_4
Lair:2:   minmay_lair_venomous_thicket, layout_regular_city,
          nicolae_swamp_entry_splash_gauntlet, grunt_megastairs_2
Lair:3:   pond_and_an_island_with_a_cottage, layout_gridlike,
          portal_ice_cave_rime, minmay_lair_oklob_bushes
Lair:4:   layout_cave_pods, guppyfry_snake_entry_island, serial_bayou_pond_e
Lair:5:   layout_layer_cave, minivault_25
Lair:6:   evilmike_catoblepas_cave, layout_loops_ring, dpeg_slime_entry_corner,
          hibernation_bobbens
Swamp:1:  gammafunk_mikee_crab_dinner, layout_basic_swamp,
          evilmike_swamp_ruin_house_3, swamp_pool5
Swamp:2:  layout_basic_swamp, evilmike_swamp_ruin_wall, swamp_pool5
Orc:1:    layout_caves, nicolae_orc_damp_corner, lightli_orcish_oven
Orc:2:    st_orc_rangers, layout_diamond_mine, nicolae_orc_lost_temple

Skill      XL: |  1  2  3  4  5  6  7  8  9 10 11 12 13 14 15 |
---------------+----------------------------------------------+-----
Axes           | 3 4 5 6 7 9 10 12 13 15 16 17 19 | 19.0
Armour         | 4 5 6 7 8 10 11 13 15 16 17 | 17.7
Fighting       | 4 5 6 7 8 9 10 11 12 13 14 | 14.4
Shields        | 4 |  4.0
Dodging        | 1 2 3 5 6 7 8 9 10 11 12 | 12.7
Invocations    | 2 4 5 7 8 9 10 11 | 11.4

Action                   |  1- 3 |  4- 6 |  7- 9 | 10-12 | 13-15 || total
-------------------------+-------+-------+-------+-------+-------++-------
Melee: War axe           |    47 |   118 |   292 |    70 |       ||   527
       Headbutt          |     6 |    18 |    53 |    75 |   230 ||   382
       Hand axe          |       |       |     6 |       |       ||     6
       Battleaxe         |       |       |       |   338 |  1036 ||  1374
Invok: Upheaval          |       |       |       |       |     4 ||     4
       Disaster Area     |       |       |       |       |     1 ||     1
  Use: Scroll            |       |       |    15 |    15 |    10 ||    40
       Potion            |       |       |       |     7 |     4 ||    11
  Eat: Chunk             |       |     2 |     8 |    11 |    16 ||    37
       Ration            |       |     1 |     1 |     6 |    12 ||    20
Armor: Scale mail        |    25 |    40 |       |       |       ||    65
       Plate armour      |       |     2 |   118 |   262 |   498 ||   880
Dodge: Dodged            |    18 |    52 |    86 |   222 |   599 ||   977
       Repelled          |       |       |       |     5 |    77 ||    82
Block: Kite shield       |    19 |       |       |       |       ||    19
       Buckler           |     3 |    26 |   101 |    35 |       ||   165
       Other             |       |       |       |    94 |   407 ||   501

Table legend:
 A = Non-vault XP
 B = Vault XP
 C = Vault XP percentage of total XP
 D = Non-vault monster count
 E = Vault monster count
 F = Vault count percentage of total count
                 A         B        C        D         E       F
            +---------+---------+-------+---------+---------+-------
      Total |   98457 |   54291 |  35.5 |     604 |     227 |  27.3
            +---------+---------+-------+---------+---------+-------
        D:1 |      15 |       0 |   0.0 |       8 |       0 |   0.0
        D:2 |      56 |       0 |   0.0 |      23 |       0 |   0.0
        D:3 |     233 |       0 |   0.0 |      31 |       0 |   0.0
        D:4 |     190 |       0 |   0.0 |      15 |       0 |   0.0
        D:5 |     880 |       0 |   0.0 |      25 |       0 |   0.0
        D:6 |     719 |       0 |   0.0 |      17 |       0 |   0.0
        D:7 |     613 |     274 |  30.9 |      12 |       3 |  20.0
        D:8 |    1748 |       0 |   0.0 |      24 |       0 |   0.0
        D:9 |    2507 |    1165 |  31.7 |      22 |      12 |  35.3
       D:10 |    2818 |    6161 |  68.6 |      33 |      18 |  35.3
       D:11 |    3566 |       0 |   0.0 |      25 |       0 |   0.0
       D:12 |    8995 |    5191 |  36.6 |      40 |      13 |  24.5
       D:13 |    4564 |       0 |   0.0 |      38 |       0 |   0.0
       D:14 |    2759 |    4538 |  62.2 |      13 |       4 |  23.5
       D:15 |    7298 |    7043 |  49.1 |      18 |      17 |  48.6
     Lair:1 |    5465 |       0 |   0.0 |      27 |       0 |   0.0
     Lair:2 |    5247 |    3723 |  41.5 |      19 |      24 |  55.8
     Lair:3 |    6261 |    1695 |  21.3 |      24 |       8 |  25.0
     Lair:4 |    6204 |     153 |   2.4 |      22 |       1 |   4.3
     Lair:5 |    6498 |       0 |   0.0 |      27 |       0 |   0.0
     Lair:6 |   15270 |   12358 |  44.7 |      51 |      24 |  32.0
    Swamp:1 |   10209 |     409 |   3.9 |      34 |       3 |   8.1
    Swamp:2 |    1644 |       0 |   0.0 |       6 |       0 |   0.0
      Orc:1 |    2582 |     145 |   5.3 |      24 |       6 |  20.0
      Orc:2 |    2116 |    5066 |  70.5 |      26 |      40 |  60.6
      IceCv |       0 |    6370 | 100.0 |       0 |      54 | 100.0
            +---------+---------+-------+---------+---------+-------
